[Event "EYCC Girls-U16 2019"]
[Site "Bratislava"]
[Date "2019.08.09"]
[Round "8.7"]
[White "Yedigaryan, Asya"]
[Black "Hryzlova, Sofiia"]
[Result "0-1"]
[ECO "A00"]
[WhiteElo "1583"]
[BlackElo "1799"]
[Annotator "NA"]
[PlyCount "104"]
[EventDate "2019.08.02"]
[EventType "swiss"]
[EventCountry "SVK"]
[SourceTitle "playchess.com"]
[Source "ChessBase"]
[SourceQuality "1"]
[TimeControl "40/5400+30:1800+30"]

1. g3 g6 2. Bg2 Bg7 3. e4 c5 4. d3 Nc6 5. f4 d6 6. Nf3 e5 7. O-O Nge7 8. c3 O-O 9. Be3 b6 10. Na3 Ba6 11. f5 gxf5 12. Ng5 f4 13. gxf4 exf4 14. Bxf4 h6 15. Nh3 Ng6 16. Bg3 Nce5 17. Nf2 Qg5 18. Nc2 Nf4 19. Bxf4 Qxf4 20. Nh3 Qg4 21. Qxg4 Nxg4 22. Rad1 Ne5 23. Nf2 Ng6 24. Ng4 Rae8 25. Nce3 Ne5 26. Nxe5 Bxe5 27. Nd5 Bc8 28. Rd2 Be6 29. Rdf2 Bxd5 30. exd5 b5 31. Bh3 b4 32. Rg2+ Kh8 33. c4 Bd4+ 34. Kh1 Re3 35. Bf5 Rg8 36. Rc2 Rf3 37. Rcc1 Rxf1+ 38. Rxf1 Bxb2 39. Be4 Bd4 40. Bg2 Kg7 41. Re1 Kf6 42. Bf3 Be5 43. Rf1 Ke7 44. Bd1 Bd4 45. Bh5 Rg7 46. h3 a6 47. Kh2 Be5+ 48. Kh1 Kf8 49. Rf3 a5 50. Rf1 Bd4 51. Kh2 a4 52. Bd1 b3 0-1

[Event "EYCC Girls-U16 2019"]
[Site "Bratislava"]
[Date "2019.08.09"]
[Round "8.8"]
[White "Bulatova, Kamaliya"]
[Black "Dubovyk, Anastasiia"]
[Result "1-0"]
[ECO "E71"]
[WhiteElo "2157"]
[BlackElo "1824"]
[Annotator "NA"]
[PlyCount "81"]
[EventDate "2019.08.02"]
[EventType "swiss"]
[EventCountry "SVK"]
[SourceTitle "playchess.com"]
[Source "ChessBase"]
[SourceQuality "1"]
[TimeControl "40/5400+30:1800+30"]

1. d4 Nf6 2. c4 g6 3. Nc3 Bg7 4. e4 d6 5. h3 O-O 6. Nf3 e5 7. d5 a5 8. g4 Na6 9. Be3 Nd7 10. a3 Rb8 11. Nd2 f5 12. gxf5 gxf5 13. exf5 Ndc5 14. Nde4 Bxf5 15. Ng3 Bg6 16. h4 Qf6 17. Rh2 Be8 18. Nce4 Nxe4 19. Nxe4 Qe7 20. Ng5 Bd7 21. Bh3 Bxh3 22. Rxh3 Bf6 23. Ne6 Rf7 24. Qh5 Kh8 25. O-O-O c6 26. Ng5 Rg7 27. Ne4 cxd5 28. Nxf6 Qxf6 29. Rf3 Qg6 30. Qxg6 Rxg6 31. h5 Rg4 32. cxd5 Kg7 33. Rf5 b5 34. f4 Rf8 35. Rxf8 Kxf8 36. fxe5 Ke8 37. e6 Rh4 38. Rg1 Rc4+ 39. Kb1 Ke7 40. Bg5+ Ke8 41. Bf6 1-0

[Event "EYCC Girls-U16 2019"]
[Site "Bratislava"]
[Date "2019.08.09"]
[Round "8.9"]
[White "Czarnecka, Lidia"]
[Black "Djidjeli, Sarah"]
[Result "1-0"]
[ECO "B32"]
[WhiteElo "1731"]
[BlackElo "2017"]
[Annotator "NA"]
[PlyCount "99"]
[EventDate "2019.08.02"]
[EventType "swiss"]
[EventCountry "SVK"]
[SourceTitle "playchess.com"]
[Source "ChessBase"]
[SourceQuality "1"]
[TimeControl "40/5400+30:1800+30"]

1. e4 c5 2. Nf3 Nc6 3. d4 cxd4 4. Nxd4 e5 5. Nb5 d6 6. N1c3 a6 7. Na3 Be7 8. Be3 Nf6 9. Nc4 b5 10. Nb6 Rb8 11. Nxc8 Qxc8 12. Bd3 O-O 13. O-O Nb4 14. Bg5 Nxd3 15. Qxd3 b4 16. Bxf6 Bxf6 17. Nd5 Bg5 18. g3 Qg4 19. Rad1 a5 20. b3 h5 21. c4 bxc3 22. Nxc3 Rbd8 23. Qd5 Rc8 24. Rd3 Rc5 25. Qxd6 Rfc8 26. Na4 Rc1 27. Rdd1 Qxe4 28. Rxc1 Rxc1 29. Rxc1 Bxc1 30. Qd8+ Kh7 31. Qxa5 h4 32. Qb5 Bh6 33. Qf1 hxg3 34. hxg3 Qc2 35. Qa1 e4 36. Qd4 Bd2 37. Qc4 Qd1+ 38. Qf1 Qf3 39. Qg2 Qd1+ 40. Kh2 Qc2 41. Nb6 f5 42. Nc4 Qxa2 43. f4 Qxb3 44. Nxd2 Qd3 45. Kh3 Kg8 46. Nf1 e3 47. Qf3 g5 48. fxg5 f4 49. gxf4 Kg7 50. Nxe3 1-0

[Event "EYCC Girls-U16 2019"]
[Site "Bratislava"]
[Date "2019.08.09"]
[Round "8.10"]
[White "Khachatryan, Veronika"]
[Black "Srdanovic, Jovana"]
[Result "1/2-1/2"]
[ECO "A06"]
[WhiteElo "1870"]
[BlackElo "1975"]
[Annotator "NA"]
[PlyCount "85"]
[EventDate "2019.08.02"]
[EventType "swiss"]
[EventCountry "SVK"]
[SourceTitle "playchess.com"]
[Source "ChessBase"]
[SourceQuality "1"]
[TimeControl "40/5400+30:1800+30"]

1. Nf3 d5 2. g3 c6 3. Bg2 Bg4 4. O-O Nd7 5. d3 e6 6. c4 Bd6 7. Nc3 Ne7 8. Qb3 O-O 9. cxd5 exd5 10. e4 Nc5 11. Qc2 Rc8 12. Be3 Ne6 13. Ne2 Qa5 14. Nfd4 Rfd8 15. f3 Nxd4 16. Nxd4 Bd7 17. Nb3 Qa4 18. Qf2 b6 19. Rfd1 c5 20. f4 Bg4 21. Rdc1 c4 22. dxc4 dxe4 23. Bxe4 Rxc4 24. Rxc4 Qxc4 25. Qg2 Bf5 26. Bf3 Bb8 27. Rc1 Qa4 28. Rd1 Rxd1+ 29. Bxd1 Qc6 30. Qd2 Qd7 31. Nd4 Be4 32. Bb3 h6 33. Bc4 Nd5 34. Bb5 Qh3 35. Bf1 Qc8 36. Bf2 Nf6 37. Qe2 Ba8 38. Bg2 Qc1+ 39. Be1 Bxg2 40. Kxg2 Qc5 41. Nf3 Qc6 42. Bc3 Nd5 43. Be1 1/2-1/2

[Event "EYCC Girls-U16 2019"]
[Site "Bratislava"]
[Date "2019.08.09"]
[Round "8.11"]
[White "Laurincova, Kristyna"]
[Black "Bardorz, Jana"]
[Result "1-0"]
[ECO "C78"]
[WhiteElo "1981"]
[BlackElo "1883"]
[Annotator "NA"]
[PlyCount "41"]
[EventDate "2019.08.02"]
[EventType "swiss"]
[EventCountry "SVK"]
[SourceTitle "playchess.com"]
[Source "ChessBase"]
[SourceQuality "1"]
[TimeControl "40/5400+30:1800+30"]

1. e4 e5 2. Nf3 Nc6 3. Bb5 a6 4. Ba4 Nf6 5. O-O b5 6. Bb3 Bc5 7. Re1 d6 8. c3 Bg4 9. h3 Bh5 10. d3 h6 11. Nbd2 g5 12. g4 Bg6 13. Nf1 h5 14. Bxg5 hxg4 15. d4 gxf3 16. Qxf3 Qd7 17. Bxf6 Rxh3 18. Qg2 exd4 19. e5 Kf8 20. e6 fxe6 21. Qxh3 1-0

[Event "EYCC Girls-U16 2019"]
[Site "Bratislava"]
[Date "2019.08.09"]
[Round "8.12"]
[White "Zarebska, Lena"]
[Black "Gombocz, Zsofia"]
[Result "1-0"]
[ECO "C88"]
[WhiteElo "1773"]
[BlackElo "1981"]
[Annotator "NA"]
[PlyCount "91"]
[EventDate "2019.08.02"]
[EventType "swiss"]
[EventCountry "SVK"]
[SourceTitle "playchess.com"]
[Source "ChessBase"]
[SourceQuality "1"]
[TimeControl "40/5400+30:1800+30"]

1. e4 e5 2. Nf3 Nc6 3. Bb5 a6 4. Ba4 Nf6 5. O-O Be7 6. Re1 b5 7. Bb3 O-O 8. d4 d6 9. c3 Bb7 10. Nbd2 h6 11. a4 Re8 12. Nf1 Bf8 13. Ng3 Na5 14. Bc2 exd4 15. cxd4 c5 16. d5 g6 17. h4 h5 18. Bg5 Bg7 19. Qb1 Qd7 20. b4 Nc4 21. bxc5 dxc5 22. axb5 axb5 23. Rxa8 Bxa8 24. Bd3 Ng4 25. Rc1 Na3 26. Qa2 Qa7 27. d6 c4 28. Bxc4 bxc4 29. Rxc4 Qa6 30. Rc7 Rf8 31. Be7 Rb8 32. Nf1 Qb6 33. Ng5 Bd5 34. exd5 Nxf2 35. Rc6 Qa7 36. d7 Ng4+ 37. Kh1 Qxd7 38. Bxa3 Qf5 39. Nf3 Qd3 40. Rc1 Bd4 41. Nxd4 Qxd4 42. Bc5 Qf6 43. Rb1 Rc8 44. Qa3 Qf5 45. Rc1 Qxd5 46. Ne3 1-0

[Event "EYCC Girls-U16 2019"]
[Site "Bratislava"]
[Date "2019.08.09"]
[Round "8.13"]
[White "Kuzich, Aryna"]
[Black "Vanduyfhuys, Daria"]
[Result "0-1"]
[ECO "B32"]
[WhiteElo "1940"]
[BlackElo "2114"]
[Annotator "NA"]
[PlyCount "78"]
[EventDate "2019.08.02"]
[EventType "swiss"]
[EventCountry "SVK"]
[SourceTitle "playchess.com"]
[Source "ChessBase"]
[SourceQuality "1"]
[TimeControl "40/5400+30:1800+30"]

1. e4 c5 2. Nf3 Nc6 3. d4 cxd4 4. c3 dxc3 5. Nxc3 e6 6. Bc4 a6 7. a4 Nge7 8. Bf4 Ng6 9. Bg3 Be7 10. O-O O-O 11. Qe2 f5 12. exf5 Rxf5 13. Bd3 Nf4 14. Bxf4 Rxf4 15. Ne5 Nxe5 16. Qxe5 Rf7 17. Rae1 d5 18. Re3 Bf6 19. Qh5 g6 20. Rg3 Bg7 21. Qe2 Bd7 22. Bc2 Qb6 23. Kh1 Raf8 24. f3 Rf4 25. Rb1 Rb4 26. Nd1 Bxa4 27. Bxa4 Rxa4 28. Rc1 Rh4 29. Nf2 Qxb2 30. Qxe6+ Kh8 31. Nd3 Qxc1+ 32. Nxc1 Re4 33. Rxg6 Rxe6 34. Rxe6 a5 35. Rb6 Re8 36. Nd3 Re3 37. Rb3 a4 38. Rxb7 Bc3 39. Rb8+ Kg7 0-1

[Event "EYCC Girls-U16 2019"]
[Site "Bratislava"]
[Date "2019.08.09"]
[Round "8.14"]
[White "Ciolacu, Alessia-Mihaela"]
[Black "Warnaar, Alisha"]
[Result "1-0"]
[ECO "E73"]
[WhiteElo "2199"]
[BlackElo "1886"]
[Annotator "NA"]
[PlyCount "95"]
[EventDate "2019.08.02"]
[EventType "swiss"]
[EventCountry "SVK"]
[SourceTitle "playchess.com"]
[Source "ChessBase"]
[SourceQuality "1"]
[TimeControl "40/5400+30:1800+30"]

1. d4 Nf6 2. c4 g6 3. Nc3 Bg7 4. e4 d6 5. Be2 O-O 6. Be3 Nc6 7. d5 Ne5 8. f4 Neg4 9. Bd2 Nh6 10. h3 Nd7 11. g4 f5 12. g5 Nf7 13. exf5 gxf5 14. Qc2 Nc5 15. Nf3 e5 16. dxe6 Bxe6 17. h4 Qe7 18. O-O-O c6 19. h5 h6 20. Nh4 Qd7 21. Be3 b6 22. Rhg1 Rae8 23. Ng6 Bxc4 24. Nxf8 Kxf8 25. Bxc5 Bxe2 26. Bxd6+ Nxd6 27. Nxe2 Qe6 28. gxh6 Qxh6 29. Rg6 Qxh5 30. Rgxd6 Rxe2 31. Rd8+ Re8 32. Qxc6 Qe2 33. Qd6+ Kf7 34. Qd7+ Re7 35. Qxf5+ Bf6 36. Qh7+ Bg7 37. Qg8+ Kf6 38. R8d6+ Kf5 39. Qh7+ Kxf4 40. Qh4+ Kf5 41. Qh3+ Ke4 42. Qh1+ Kf4 43. Rf1+ Kg5 44. Qg1+ Kh4 45. Rf4+ Kh3 46. Qh1+ Kg3 47. Qh4+ Kg2 48. Rg6+ 1-0

[Event "EYCC Girls-U16 2019"]
[Site "Bratislava"]
[Date "2019.08.09"]
[Round "8.15"]
[White "Guillo Longares, Cecilia"]
[Black "Duran, Esma Doga"]
[Result "1-0"]
[ECO "E10"]
[WhiteElo "1916"]
[BlackElo "2096"]
[Annotator "NA"]
[PlyCount "83"]
[EventDate "2019.08.02"]
[EventType "swiss"]
[EventCountry "SVK"]
[SourceTitle "playchess.com"]
[Source "ChessBase"]
[SourceQuality "1"]
[TimeControl "40/5400+30:1800+30"]

1. d4 Nf6 2. c4 e6 3. Nf3 c5 4. d5 b5 5. Bg5 bxc4 6. e4 Qb6 7. Bxf6 gxf6 8. Qc2 Bg7 9. Nfd2 d6 10. Nxc4 Qc7 11. Nc3 a6 12. dxe6 fxe6 13. Rd1 O-O 14. Nxd6 Nc6 15. Nxc8 Nd4 16. Qc1 Rfxc8 17. Bc4 Kh8 18. O-O Rg8 19. Kh1 Qe5 20. f4 Qh5 21. Rd3 f5 22. e5 Bh6 23. Rh3 Qg4 24. Rg3 Qh5 25. Rh3 Qg4 26. Qd2 Rg6 27. Rg3 Qh4 28. Rxg6 hxg6 29. g3 Qe7 30. Qg2 Qa7 31. Ne2 Rd8 32. Rd1 Qb6 33. b3 g5 34. Nxd4 cxd4 35. Qf3 gxf4 36. gxf4 Rg8 37. Rd3 Rg4 38. Qh3 Qc6+ 39. Qf3 Qc5 40. Bxe6 Bxf4 41. Qa8+ Kg7 42. Qg8+ 1-0

[Event "EYCC Girls-U16 2019"]
[Site "Bratislava"]
[Date "2019.08.09"]
[Round "8.16"]
[White "Afanasieva, Alexandra"]
[Black "Adamczyk, Zuzanna"]
[Result "0-1"]
[ECO "B47"]
[WhiteElo "2085"]
[BlackElo "1900"]
[Annotator "NA"]
[PlyCount "92"]
[EventDate "2019.08.02"]
[EventType "swiss"]
[EventCountry "SVK"]
[SourceTitle "playchess.com"]
[Source "ChessBase"]
[SourceQuality "1"]
[TimeControl "40/5400+30:1800+30"]

1. e4 c5 2. Nf3 e6 3. d4 cxd4 4. Nxd4 Nc6 5. Nc3 Qc7 6. g3 a6 7. Bg2 Nf6 8. O-O Nxd4 9. Qxd4 Bc5 10. Bf4 d6 11. Qd3 h6 12. Rad1 e5 13. Be3 Be6 14. Bxc5 dxc5 15. Nd5 Bxd5 16. exd5 Qd6 17. f4 O-O 18. c4 Nd7 19. Kh1 f5 20. fxe5 Nxe5 21. Qc3 g6 22. Rde1 Rfe8 23. b3 Re7 24. Re3 Rae8 25. Rfe1 b6 26. h3 h5 27. R1e2 a5 28. a3 Kf7 29. Rb2 Rc7 30. Re1 Kg8 31. Ree2 Ree7 32. Re3 Rc8 33. Bf1 Rce8 34. b4 axb4 35. axb4 Nf7 36. Rxe7 Rxe7 37. bxc5 bxc5 38. Ra2 Re8 39. Bg2 Qe7 40. Kh2 Qd6 41. Ra5 h4 42. Bf1 f4 43. g4 f3+ 44. Kh1 Qg3 45. Qf6 f2 46. Qxg6+ Kf8 0-1

[Event "EYCC Girls-U16 2019"]
[Site "Bratislava"]
[Date "2019.08.09"]
[Round "8.17"]
[White "Hercog, Nusa"]
[Black "Rzali, Sabina"]
[Result "1/2-1/2"]
[ECO "D26"]
[WhiteElo "2053"]
[BlackElo "1691"]
[Annotator "NA"]
[PlyCount "57"]
[EventDate "2019.08.02"]
[EventType "swiss"]
[EventCountry "SVK"]
[SourceTitle "playchess.com"]
[Source "ChessBase"]
[SourceQuality "1"]
[TimeControl "40/5400+30:1800+30"]

1. d4 d5 2. c4 dxc4 3. Nf3 Nf6 4. e3 e6 5. Bxc4 a6 6. O-O c5 7. dxc5 Bxc5 8. Qxd8+ Kxd8 9. Be2 Nc6 10. a3 Ke7 11. b4 Bd6 12. Bb2 b5 13. Nbd2 Bb7 14. Nb3 Rhd8 15. Rac1 Rac8 16. Rfd1 h6 17. Ne1 Nb8 18. Nd3 Rxc1 19. Rxc1 Bd5 20. Ndc5 Rc8 21. f3 e5 22. Kf2 Nfd7 23. e4 Ba8 24. Nxd7 Rxc1 25. Bxc1 Nxd7 26. Be3 Kd8 27. g3 Kc7 28. Bd3 Bb7 29. Na5 1/2-1/2

[Event "EYCC Girls-U16 2019"]
[Site "Bratislava"]
[Date "2019.08.09"]
[Round "8.18"]
[White "Pipia, Ekaterine"]
[Black "Ozbek, Busra"]
[Result "1/2-1/2"]
[ECO "D80"]
[WhiteElo "1945"]
[BlackElo "1866"]
[Annotator "NA"]
[PlyCount "51"]
[EventDate "2019.08.02"]
[EventType "swiss"]
[EventCountry "SVK"]
[SourceTitle "playchess.com"]
[Source "ChessBase"]
[SourceQuality "1"]
[TimeControl "40/5400+30:1800+30"]

1. d4 Nf6 2. c4 g6 3. Nc3 d5 4. Bg5 Ne4 5. Bh4 Nxc3 6. bxc3 dxc4 7. e3 Be6 8. Be2 Nd7 9. Nf3 Bg7 10. Ng5 Bd5 11. e4 h6 12. exd5 hxg5 13. Bxg5 Nb6 14. Bf3 Nxd5 15. Qa4+ c6 16. Qxc4 Qd6 17. Bxd5 Qxd5 18. Qxd5 cxd5 19. Rb1 b6 20. Kd2 Kd7 21. Rb5 e6 22. Bf4 Bf6 23. a4 g5 24. Bg3 Rhc8 25. a5 Bd8 26. axb6 1/2-1/2

[Event "EYCC Girls-U16 2019"]
[Site "Bratislava"]
[Date "2019.08.09"]
[Round "8.19"]
[White "Garau, Francesca"]
[Black "Levitan, Ronit"]
[Result "1/2-1/2"]
[ECO "C80"]
[WhiteElo "1835"]
[BlackElo "2022"]
[Annotator "NA"]
[PlyCount "43"]
[EventDate "2019.08.02"]
[EventType "swiss"]
[EventCountry "SVK"]
[SourceTitle "playchess.com"]
[Source "ChessBase"]
[SourceQuality "1"]
[TimeControl "40/5400+30:1800+30"]

1. e4 e5 2. Nf3 Nc6 3. Bb5 a6 4. Ba4 Nf6 5. O-O Nxe4 6. d4 b5 7. Bb3 d5 8. dxe5 Be6 9. Nbd2 Bc5 10. Nxe4 dxe4 11. Ng5 Qxd1 12. Rxd1 Bxb3 13. axb3 O-O 14. Nxe4 Bd4 15. c3 Bxe5 16. f4 f5 17. Nc5 Bd6 18. Nb7 Rf6 19. Nxd6 Rxd6 20. Rxd6 cxd6 21. Be3 Kf7 22. Kf2 1/2-1/2

[Event "EYCC Girls-U16 2019"]
[Site "Bratislava"]
[Date "2019.08.09"]
[Round "8.20"]
[White "Koksa, Jelena"]
[Black "Kvendseth, Thyra"]
[Result "0-1"]
[ECO "C44"]
[WhiteElo "1781"]
[BlackElo "1977"]
[Annotator "NA"]
[PlyCount "108"]
[EventDate "2019.08.02"]
[EventType "swiss"]
[EventCountry "SVK"]
[SourceTitle "playchess.com"]
[Source "ChessBase"]
[SourceQuality "1"]
[TimeControl "40/5400+30:1800+30"]

1. e4 e5 2. Nf3 Nc6 3. d4 exd4 4. Nxd4 Bb4+ 5. c3 Bc5 6. Nxc6 bxc6 7. Bd3 Nf6 8. e5 Qe7 9. O-O Nd5 10. a3 a5 11. c4 Nb6 12. Nc3 O-O 13. Bf4 d5 14. exd6 cxd6 15. Ne4 d5 16. cxd5 Nxd5 17. Bd2 Bd4 18. Qc2 c5 19. Rae1 Qc7 20. Nc3 Nf6 21. Nb5 Qb6 22. Be3 Be6 23. Bxd4 cxd4 24. Qc7 Rab8 25. Qxb6 Rxb6 26. Nxd4 Ba2 27. Bb5 Rd8 28. Nc6 Rd6 29. Rd1 Nd5 30. Rfe1 g6 31. a4 Rdxc6 32. Bxc6 Rxc6 33. Rc1 Rb6 34. Rc5 Rxb2 35. Rxa5 Nf4 36. Rb5 Rc2 37. Rb8+ Kg7 38. Rd8 Bb3 39. a5 Ra2 40. g3 Ne6 41. Rd3 Bc4 42. Rdd1 Ng5 43. Kg2 Be6 44. Re3 Bh3+ 45. Kg1 Bg4 46. Rf1 Bh3 47. Rd1 Rxa5 48. f4 Bg4 49. Rf1 Nh3+ 50. Kh1 Ra2 51. Rc1 Rf2 52. Rce1 Bd7 53. Rc1 Rd2 54. Rf3 Be6 0-1

[Event "EYCC Girls-U16 2019"]
[Site "Bratislava"]
[Date "2019.08.09"]
[Round "8.21"]
[White "Pecorini, Angie"]
[Black "Marcinczyk, Monika"]
[Result "0-1"]
[ECO "E94"]
[WhiteElo "1781"]
[BlackElo "1960"]
[Annotator "NA"]
[PlyCount "52"]
[EventDate "2019.08.02"]
[EventType "swiss"]
[EventCountry "SVK"]
[SourceTitle "playchess.com"]
[Source "ChessBase"]
[SourceQuality "1"]
[TimeControl "40/5400+30:1800+30"]

1. d4 Nf6 2. Nf3 d6 3. c4 Nbd7 4. Nc3 e5 5. e4 g6 6. Be2 Bg7 7. O-O O-O 8. Be3 c6 9. Qc2 exd4 10. Nxd4 Re8 11. Rfd1 Qe7 12. f3 d5 13. cxd5 cxd5 14. Ndb5 dxe4 15. f4 Nf8 16. Nxa7 Bd7 17. Rab1 Bc6 18. b4 Red8 19. Bb6 Rxd1+ 20. Rxd1 Qxb4 21. Rb1 Qd6 22. g3 N8d7 23. Be3 Nd5 24. Nxd5 Bxd5 25. a4 Bf8 26. Kf1 Qa3 0-1

[Event "EYCC Girls-U16 2019"]
[Site "Bratislava"]
[Date "2019.08.09"]
[Round "8.22"]
[White "Eizaguerri Floris, Maria"]
[Black "Walterova, Ema"]
[Result "1-0"]
[ECO "C54"]
[WhiteElo "2099"]
[BlackElo "1761"]
[Annotator "NA"]
[PlyCount "87"]
[EventDate "2019.08.02"]
[EventType "swiss"]
[EventCountry "SVK"]
[SourceTitle "playchess.com"]
[Source "ChessBase"]
[SourceQuality "1"]
[TimeControl "40/5400+30:1800+30"]

1. e4 e5 2. Nf3 Nc6 3. Bc4 Bc5 4. c3 Nf6 5. d3 a6 6. Bb3 Ba7 7. Nbd2 h6 8. h3 d6 9. O-O g5 10. Nc4 g4 11. hxg4 Nxg4 12. Ne3 Rg8 13. d4 Bd7 14. dxe5 Ngxe5 15. Nxe5 Nxe5 16. Qh5 c6 17. Nf5 Qf6 18. Bf4 Bxf5 19. exf5 O-O-O 20. Bxe5 Qxe5 21. Bxf7 Rg5 22. Be6+ Kb8 23. Qh2 Qg7 24. Rad1 h5 25. Rd3 Kc7 26. Kh1 Qe7 27. Rh3 Rh8 28. Qf4 Rf8 29. Rf3 Rg6 30. Qh2 Rh6 31. Rd1 Rd8 32. Qf4 Rf6 33. c4 Bc5 34. a3 a5 35. Qd2 Bb6 36. b4 axb4 37. axb4 Rff8 38. Qf4 Kb8 39. Ra1 Kc7 40. c5 Ra8 41. cxb6+ Kxb6 42. Qd4+ Kc7 43. Rxa8 Rxa8 44. Rg3 1-0

[Event "EYCC Girls-U16 2019"]
[Site "Bratislava"]
[Date "2019.08.09"]
[Round "8.23"]
[White "Katkov, Michelle"]
[Black "Sleurs, Juliette"]
[Result "1-0"]
[ECO "C54"]
[WhiteElo "2129"]
[BlackElo "1834"]
[Annotator "NA"]
[PlyCount "53"]
[EventDate "2019.08.02"]
[EventType "swiss"]
[EventCountry "SVK"]
[SourceTitle "playchess.com"]
[Source "ChessBase"]
[SourceQuality "1"]
[TimeControl "40/5400+30:1800+30"]

1. e4 e5 2. Nf3 Nc6 3. Bc4 Bc5 4. c3 Nf6 5. d3 d6 6. Bb3 a6 7. Nbd2 Ba7 8. h3 Be6 9. Nf1 d5 10. Qe2 O-O 11. Ng3 dxe4 12. dxe4 Bxb3 13. axb3 Qd7 14. O-O Qe6 15. Qc2 Ne8 16. Nh4 Nd6 17. Bg5 h6 18. Bd2 Qf6 19. Nhf5 Nxf5 20. exf5 Rad8 21. Rad1 Ne7 22. Qe4 c6 23. Qg4 g6 24. Bxh6 Rxd1 25. Rxd1 Re8 26. Ne4 Qh8 27. Qg5 1-0

[Event "EYCC Girls-U16 2019"]
[Site "Bratislava"]
[Date "2019.08.09"]
[Round "8.24"]
[White "Ilyina, Lada"]
[Black "Kaygisiz, Ilayda"]
[Result "1-0"]
[ECO "B53"]
[WhiteElo "2048"]
[BlackElo "1775"]
[Annotator "NA"]
[PlyCount "95"]
[EventDate "2019.08.02"]
[EventType "swiss"]
[EventCountry "SVK"]
[SourceTitle "playchess.com"]
[Source "ChessBase"]
[SourceQuality "1"]
[TimeControl "40/5400+30:1800+30"]

1. e4 c5 2. Nf3 d6 3. d4 cxd4 4. Qxd4 Nc6 5. Bb5 Bd7 6. Bxc6 Bxc6 7. Nc3 Nf6 8. Bg5 Nd7 9. O-O-O Qa5 10. Kb1 O-O-O 11. Nd5 Bxd5 12. exd5 Qb6 13. Qxb6 Nxb6 14. Rhe1 Rd7 15. b3 a6 16. Re4 h6 17. Be3 Na8 18. Bd4 Nc7 19. c4 e5 20. dxe6 fxe6 21. Bb6 Na8 22. Ba5 b6 23. Bc3 Nc7 24. Red4 Rf7 25. R4d2 Rg8 26. a4 b5 27. axb5 axb5 28. Nd4 bxc4 29. bxc4 d5 30. Nc6 Bd6 31. Rb2 Rgf8 32. Rdd2 g6 33. g3 Rf3 34. Bd4 dxc4 35. Bg7 c3 36. Bxc3 Nd5 37. Ba5 Ra3 38. Rdc2 Nc7 39. Rb8+ Kd7 40. Rxf8 Rb3+ 41. Ka2 Ra3+ 42. Kb2 Bxf8 43. Ne5+ Ke8 44. Bxc7 Ra7 45. Nxg6 Bg7+ 46. Be5 Rb7+ 47. Kc3 Rc7+ 48. Kd3 1-0

[Event "EYCC Girls-U16 2019"]
[Site "Bratislava"]
[Date "2019.08.10"]
[Round "9.1"]
[White "Waszczuk, Patrycja"]
[Black "Loskutova, Viktoriya"]
[Result "1/2-1/2"]
[ECO "A03"]
[WhiteElo "2119"]
[BlackElo "2019"]
[Annotator "NA"]
[PlyCount "71"]
[EventDate "2019.08.02"]
[EventType "swiss"]
[EventCountry "SVK"]
[SourceTitle "playchess.com"]
[Source "ChessBase"]
[SourceQuality "1"]
[TimeControl "40/5400+30:1800+30"]

1. f4 d5 2. Nf3 Nf6 3. g3 g6 4. Bg2 Bg7 5. O-O O-O 6. d3 c6 7. c3 Nbd7 8. Nbd2 Qb6+ 9. d4 Ng4 10. Nb3 a5 11. a4 f6 12. h3 Nh6 13. g4 e5 14. fxe5 fxe5 15. Ng5 Rxf1+ 16. Bxf1 Nf8 17. e4 Ne6 18. Nxe6 Bxe6 19. Nc5 Re8 20. Be3 Nf7 21. Qd2 exd4 22. cxd4 Qc7 23. e5 Bc8 24. Bg2 Nd8 25. Rc1 Qb6 26. Qd3 Ne6 27. Nxe6 Bxe6 28. b3 Rc8 29. Rf1 Rf8 30. Rxf8+ Bxf8 31. Kf1 Qc7 32. Bf3 Be7 33. Kg2 Qd8 34. Qc3 Bb4 35. Qd3 Be7 36. Qc3 1/2-1/2

[Event "EYCC Girls-U16 2019"]
[Site "Bratislava"]
[Date "2019.08.10"]
[Round "9.2"]
[White "Getman, Tatyana"]
[Black "Malicka, Maria"]
[Result "1/2-1/2"]
[ECO "E16"]
[WhiteElo "2143"]
[BlackElo "2115"]
[Annotator "NA"]
[PlyCount "128"]
[EventDate "2019.08.02"]
[EventType "swiss"]
[EventCountry "SVK"]
[SourceTitle "playchess.com"]
[Source "ChessBase"]
[SourceQuality "1"]
[TimeControl "40/5400+30:1800+30"]

1. d4 Nf6 2. c4 e6 3. Nf3 Bb4+ 4. Bd2 Qe7 5. g3 Bxd2+ 6. Qxd2 Nc6 7. Nc3 d5 8. Bg2 dxc4 9. O-O O-O 10. Qg5 Rd8 11. Rfd1 Nd5 12. Qxe7 Ncxe7 13. Ne5 Nxc3 14. bxc3 Nd5 15. Rdc1 Nb6 16. e3 f6 17. Nf3 Nd5 18. Nd2 b5 19. a4 c6 20. axb5 cxb5 21. Ra5 a6 22. Ne4 Rb8 23. Nc5 Rb6 24. h4 Kf7 25. Bh3 Nc7 26. f4 Ke7 27. Bg2 e5 28. fxe5 fxe5 29. Ra2 Nd5 30. Kf2 Rf8+ 31. Kg1 Nxe3 32. Re2 Nxg2 33. Rxe5+ Kd8 34. Kxg2 Re8 35. Rd5+ Kc7 36. Rf1 Re2+ 37. Kg1 Rf6 38. Rh5 Rxf1+ 39. Kxf1 Re3 40. Kf2 Re7 41. Rxh7 a5 42. h5 Bf5 43. Rh8 Bg4 44. Ra8 a4 45. Ra7+ Kd6 46. Ra6+ Kd5 47. Ra5 Re2+ 48. Kg1 a3 49. Rxa3 b4 50. cxb4 Kxd4 51. Na4 Bxh5 52. Nc3 Re5 53. Kf2 Bg4 54. b5 Kc5 55. Ra8 Kb4 56. b6 Rf5+ 57. Ke3 Bf3 58. Ne4 Bxe4 59. Kxe4 Rb5 60. Rb8 c3 61. b7 Kb3 62. Kd3 c2 63. Rc8 Rxb7 64. Rc3+ Kb4 1/2-1/2

[Event "EYCC Girls-U16 2019"]
[Site "Bratislava"]
[Date "2019.08.10"]
[Round "9.4"]
[White "Hryzlova, Sofiia"]
[Black "Mkrtchyan, Mariam"]
[Result "1-0"]
[ECO "A00"]
[WhiteElo "1799"]
[BlackElo "1981"]
[Annotator "NA"]
[PlyCount "93"]
[EventDate "2019.08.02"]
[EventType "swiss"]
[EventCountry "SVK"]
[SourceTitle "playchess.com"]
[Source "ChessBase"]
[SourceQuality "1"]
[TimeControl "40/5400+30:1800+30"]

1. e3 g6 2. f4 Bg7 3. Nf3 Nf6 4. d4 d6 5. b3 O-O 6. Bb2 c5 7. Be2 Qa5+ 8. c3 Nc6 9. Nbd2 Bf5 10. O-O Qc7 11. Nh4 Bd7 12. e4 e5 13. d5 Nd8 14. g3 Bh3 15. Ng2 Qe7 16. Bd3 exf4 17. gxf4 Nh5 18. Nc4 Bxg2 19. Kxg2 b5 20. Ne3 b4 21. Rc1 bxc3 22. Ba1 Qh4 23. Qg4 Qxg4+ 24. Nxg4 f5 25. exf5 gxf5 26. Ne3 Bh6 27. Nxf5 Nxf4+ 28. Kh1 Nxd3 29. Rg1+ Bg7 30. Rxg7+ Kh8 31. Bxc3 Rxf5 32. Rxa7+ Kg8 33. Rg1+ Kf8 34. Rxa8 Ke7 35. Rg7+ Nf7 36. Rxh7 Nf4 37. Ra7+ Kf8 38. Bd2 Nh5 39. Raxf7+ Rxf7 40. Rxh5 Rf2 41. Bh6+ Kf7 42. Rh3 Kg6 43. a4 Kf5 44. Bf8 Ke4 45. Bxd6 Kxd5 46. Rd3+ Kc6 47. Be5 1-0

[Event "EYCC Girls-U16 2019"]
[Site "Bratislava"]
[Date "2019.08.10"]
[Round "9.5"]
[White "Dylag, Emilia"]
[Black "Lehaci, Miruna-Daria"]
[Result "1/2-1/2"]
[ECO "A05"]
[WhiteElo "2099"]
[BlackElo "2201"]
[Annotator "NA"]
[PlyCount "108"]
[EventDate "2019.08.02"]
[EventType "swiss"]
[EventCountry "SVK"]
[SourceTitle "playchess.com"]
[Source "ChessBase"]
[SourceQuality "1"]
[TimeControl "40/5400+30:1800+30"]

1. Nf3 Nf6 2. c4 e6 3. Nc3 c5 4. e3 b6 5. Be2 Be7 6. O-O O-O 7. d4 cxd4 8. Nxd4 Bb7 9. Bf3 Nc6 10. Nxc6 Bxc6 11. b3 a6 12. Bb2 Qc7 13. Rc1 Qb7 14. Bxc6 Qxc6 15. Qd4 Qb7 16. Rfd1 b5 17. c5 Rfd8 18. Ne2 Rac8 19. b4 d6 20. Qc3 Bf8 21. Qb3 dxc5 22. Rxd8 Rxd8 23. bxc5 Rc8 24. Bxf6 gxf6 25. Qa3 Qa7 26. Qb2 Rxc5 27. Qxf6 Rxc1+ 28. Nxc1 Qe7 29. Qxe7 Bxe7 30. Nb3 Kf8 31. Kf1 Ke8 32. Ke2 Kd7 33. Kd3 Kc6 34. e4 h5 35. h3 Kb6 36. g3 a5 37. f4 a4 38. Nd4 Kc5 39. Nc2 b4 40. g4 hxg4 41. hxg4 Bf6 42. e5 Bh4 43. f5 b3 44. axb3 axb3 45. Na3 Kd5 46. fxe6 Kxe6 47. Kc3 Kxe5 48. Kxb3 Kf4 49. Nc4 f6 50. Kc3 Kxg4 51. Kd3 Bf2 52. Nd6 Bb6 53. Ke4 Bc7 54. Nf5 Bb8 1/2-1/2